 Dungeon Crawl Stone Soup version 0.15.2 (webtiles) character file.

219 tognito the Chopper (level 5, 0/70 (72) HPs)
             Began as a Minotaur Berserker on Sept 26, 2015.
             Was a Priest of Trog.
             Slain by Duvessa
             ... wielding a cursed +0 cutlass
              (7 damage)
             ... on Level 4 of the Dungeon.
             The game lasted 00:11:24 (2359 turns).

tognito the Chopper (Minotaur Berserker)            Turns: 2359, Time: 00:11:24

HP   0/70 (72)   AC 13     Str 27      XL: 5   Next: 63%
MP   2/2         EV  8     Int  4      God: Trog [***...]
Gold 130         SH  0     Dex 10      Spells:  0 memorised,  4 levels left

rFire  . . .     SeeInvis .     a - +0 war axe
rCold  . . .     Clarity  .     l - +0 chain mail
rNeg   . . .     rCorr    .     (no shield)
rPois  .         rRot     .     (helmet restricted)
rElec  .         Spirit   .     (no cloak)
SustAb .         Warding  .     t - +1 pair of gloves
rMut   .         Stasis   .     o - +0 pair of boots
Gourm  +                        q - amulet of the gourmand
MR     .....                    (no ring)
                                (no ring)

@: berserking, very quick, not resistant to hostile enchantments, extremely
unstealthy
A: retaliatory headbutt, horns 2, icy blue scales 1
a: Burn Spellbooks, Berserk, Trog's Hand, Renounce Religion


You were on level 4 of the Dungeon.
You worshipped Trog.
Trog was most pleased with you.
You were full.

You visited 1 branch of the dungeon, and saw 4 of its levels.

You collected 130 gold pieces.

Inventory:

Hand weapons
 a - a +0 war axe (weapon)
Missiles
 b - 53 sling bullets
 d - 68 arrows
 n - 21 bolts
 y - 11 sling bullets of flame
Armour
 l - a +0 chain mail (worn)
 o - a +0 pair of boots (worn)
 t - a +1 pair of gloves (worn)
Comestibles
 c - 4 bread rations
 k - a royal jelly
 m - 2 fruits
 p - a meat ration
 x - a slice of pizza
Scrolls
 e - 3 scrolls of amnesia {unknown}
 f - 2 scrolls of teleportation {unknown}
 g - 3 scrolls of random uselessness {unknown}
 i - a scroll of fog {unknown}
 j - a scroll of magic mapping {unknown}
 s - 2 scrolls of identify {unknown}
 u - 3 scrolls of enchant weapon {unknown}
 v - a scroll of recharging {unknown}
 w - a scroll of blinking {unknown}
Jewellery
 q - an amulet of the gourmand (around neck)
 r - an uncursed amulet of clarity
Potions
 z - a potion of cure mutation {unknown}


   Skills:
 * Level 5.2 Fighting
 * Level 5.5 Axes
 + Level 3.3 Armour
 + Level 3.2 Dodging
 + Level 0.1 Stealth


You had 4 spell levels left.
You didn't know any spells.

Dungeon Overview and Level Annotations

Branches:
Dungeon (4/15)
 Temple: D:4-7

Altars:
Qazlal
The Shining One

Annotations:
D:4 Dowan, Duvessa


Innate Abilities, Weirdness & Mutations

You reflexively headbutt those who attack you in melee.
You have a pair of horns on your head.
You are partially covered in icy blue scales (AC +1).


Message History

The puff of frost hits you!
* * * LOW HITPOINT WARNING * * *
Duvessa closely misses you.
You are too injured to fight recklessly!
You are too injured to fight recklessly!
You hit Duvessa.
Duvessa is heavily wounded.
Dowan points at you and mumbles some strange words.
The puff of frost hits you!
* * * LOW HITPOINT WARNING * * *
Duvessa hits you with a cutlass.
* * * LOW HITPOINT WARNING * * *
Drink which item? (? for menu, Esc to quit)
You feel better. Duvessa hits you with a cutlass.
* * * LOW HITPOINT WARNING * * *
Use which ability? (? or * to list)
A red film seems to cover your vision as you go berserk!
You feel yourself moving faster!
You feel mighty!
You feel somewhat less full. Dowan hits you but does no damage.
Duvessa hits you with a cutlass!
You die...

#..#.## #..## #. ##...#
##.## ##. # #...## #..#
##.. ..###....##
###.####..#
#....#.....###.....#...#
##.....#...............#
..........###.....##...#
.......e..##
##....###... .......e@##
##...# ##.< .......)%.#
##..# ##. .........#
#..####.. ..........
##..##... ...........
#...#... ...........
##.....# #.......##.
#...... #....### #......
.## .......#


You could see Duvessa and Dowan.

Vanquished Creatures
  An ogre (D:4)
  Terence (D:2)
  4 adders
  4 worms
  3 giant geckos
  2 oozes (D:3)
  5 orcs (D:3)
  4 goblins
  7 hobgoblins
  2 jackals (D:3)
  5 kobolds
  A ball python (D:3)
  8 bats
  2 giant cockroaches
  7 giant newts
  7 rats
63 creatures vanquished.

Notes
Turn   | Place    | Note
--------------------------------------------------------------
     0 | D:1      | tognito, the Minotaur Berserker, began the quest for the Orb.
     0 | D:1      | Reached XP level 1. HP: 19/19 MP: 1/1
   231 | D:1      | Gained mutation: You are partially covered in icy blue scales (AC +1). [potion of beneficial mutation]
   292 | D:1      | Reached skill level 4 in Fighting
   292 | D:1      | Reached XP level 2. HP: 21/27 MP: 1/1
   536 | D:1      | Acquired Trog's second power
   945 | D:2      | Noticed Terence
   958 | D:2      | Killed Terence
   958 | D:2      | Reached XP level 3. HP: 31/33 MP: 2/2
  1170 | D:2      | Found a glowing golden altar of the Shining One.
  1580 | D:2      | Reached XP level 4. HP: 39/41 MP: 2/2
  1940 | D:3      | Reached skill level 5 in Axes
  2029 | D:3      | Reached skill level 5 in Fighting
  2146 | D:3      | Found a stormy altar of Qazlal.
  2184 | D:3      | Reached XP level 5. HP: 42/47 MP: 2/2
  2349 | D:4      | Noticed an ogre
  2350 | D:4      | Noticed Duvessa
  2351 | D:4      | Noticed Dowan
  2355 | D:4      | Killed an ogre
  2359 | D:4      | Slain by Duvessa

Action                   |  1- 3 |  4- 6 || total
-------------------------+-------+-------++-------
Melee: Hand axe          |    82 |    62 ||   144
       War axe           |       |    29 ||    29
Invok: Berserk           |       |     1 ||     1
  Use: Potion            |     4 |     5 ||     9
  Eat: Chunk             |     4 |     8 ||    12
